 Dungeon Crawl Stone Soup version 0.31.0-9-g3a7656b989 (webtiles) character file.

Game seed: 11643464394948799832

1565 qw the Skirmisher (level 8, -26/40 HPs)
             Began as a Spriggan Hunter on Feb 2, 2024.
             Annihilated by an ogre
             ... wielding a +0 giant club
              (30 damage)
             ... on level 7 of the Dungeon.
             The game lasted 00:00:22 (4513 turns).

qw the Skirmisher (Spriggan Hunter)                 Turns: 4513, Time: 00:00:22

Health: -26/40     AC:  3    Str:  7    XL:     8   Next: 59%
Magic:  9/9        EV: 24    Int: 10    God:
Gold:   288        SH:  0    Dex: 21    Spells: 7/7 levels left

rFire   . . .        f - +0 orcbow
rCold   . . .        (shield currently unavailable)
rNeg    . . .        c - +0 robe
rPois   .            (helmet restricted)
rElec   .            b - +0 cloak
rCorr   .            (gloves unavailable)
SInv    +            (boots unavailable)
Will    +....        (no amulet)
Stlth   ++           (no ring)
HPRegen 0.26/turn    (no ring)
MPRegen 0.11/turn

%: no passive effects
@: very quick
A: very small, no large weapons, unfitting armour, see invisible, speed 3
a: no special abilities


You were on level 7 of the Dungeon.
You visited 1 branch of the dungeon, and saw 7 of its levels.

You collected 360 gold pieces.
You spent 72 gold pieces at shops.


Innate Abilities, Weirdness & Mutations

You are very small and have problems with some larger weapons.
You are too small for most types of armour.
You have supernaturally acute eyesight. (SInv)
You cover ground extremely quickly. (Speed+++)


   Skills:
 - Level 3.0 Fighting
 - Level 9.2 Ranged Weapons
 + Level 8.6 Dodging
 - Level 1.5 Stealth


You had 7 spell levels left.
You didn't know any spells.
Your spell library was empty.

Inventory:

Hand Weapons
 f - a +0 orcbow (weapon)
Armour
 b - a +0 cloak (worn)
 c - a +0 robe (worn)
Scrolls
 a - a scroll of immolation {unknown}
 e - 2 scrolls of identify
Potions
 j - 5 potions of curing
 l - a potion of might
 m - a potion of mutation

Dungeon Overview and Level Annotations

Branches:
Dungeon (7/15)
 Temple: D:4-7

Altars:
Dithmenos

Shops:
D:2 !   D:4 =   D:5 =

Portals:
Bailey: D:7

Annotations:
D:6 1 runed translucent door, Crazy Yiuf


Message History

You shoot an arrow. The arrow hits the gnoll.
You kill the gnoll!
The goblin barely misses you. The gnoll barely misses you.
You shoot an arrow. The arrow barely misses the gnoll.
The goblin completely misses you. The gnoll completely misses you.
You shoot an arrow.
The arrow hits the gnoll but does no damage.
The goblin closely misses you.
The gnoll hits you from afar with a +0 spear!
4507 ||| READING scroll of teleportation.
As you read the scroll of teleportation, it crumbles to dust.
You feel strangely unstable. The goblin completely misses you.
The gnoll completely misses you.
You shoot an arrow. The arrow hits the gnoll.
The gnoll is moderately wounded.
The goblin closely misses you.
The gnoll hits you from afar with a +0 spear!
You shoot an arrow. The arrow hits the gnoll.
The gnoll is moderately wounded.
Your surroundings suddenly seem different.
A phantom, a centaur, an ogre and a bullfrog come into view.
Found a potion of degeneration.
The centaur shouts!
The ogre shouts!
You hear a howl!
The ogre completely misses you.
A sleepcap comes into view.
You shoot an arrow. The arrow closely misses the ogre.
The arrow hits the centaur!!
The centaur is almost dead.
A howler monkey comes into view.
The ogre completely misses you.
You shoot an arrow. The arrow hits the ogre!
The ogre is heavily wounded.
The ogre completely misses you.
You shoot an arrow. The arrow hits the ogre!
The ogre is almost dead.
You shoot an arrow. The arrow hits the ogre.
The ogre is almost dead.
The ogre hits you with a +0 giant club!!
Ouch! That really hurt!
You die...

# ##.
#.fW###
#cO@#
#.hF###
##. #


You could see an ogre, a phantom, a sleepcap, a bullfrog, a centaur and a howler
monkey.

Vanquished Creatures
  3 water moccasins
  A black bear (D:6)
  A sky beast (D:7)
  A centaur (D:5)
  An ogre (D:6)
  A phantom (D:4)
  Blork the orc (D:6)
  3 bullfrogs (D:6)
  2 scorpions
  2 hounds
  6 iguanas
  3 jellies (D:4)
  2 gnolls (D:7)
  6 adders
  A shadow imp (D:6)
  3 dart slugs
  2 ribbon worms (D:2)
  5 orcs
  An endoplasm (D:2)
  2 giant cockroaches
  6 goblins
  9 hobgoblins
  4 jackals (D:4)
  8 kobolds
  3 quokkas
  8 ball pythons
  9 bats
  4 rats
98 creatures vanquished.

Notes
Turn   | Place    | Note
-------+----------+-------------------------------------------
     0 | D:1      | qw the Spriggan Hunter began the quest for the Orb.
     0 | D:1      | Reached XP level 1. HP: 10/10 MP: 2/2
     0 | D:1      | 0 ||| qw: Version: 0.3-a-155-g5e7d8dd
     0 | D:1      | 0 ||| qw: Game counter: 1476
     0 | D:1      | 0 ||| qw: Melee chars always use a shield: true
     0 | D:1      | 0 ||| qw: God list: Okawaru
     0 | D:1      | 0 ||| qw: Allow faded altars: false
     0 | D:1      | 0 ||| qw: Do Orc after clearing Dungeon:15 true
     0 | D:1      | 0 ||| qw: Do second Lair branch before Depths: true
     0 | D:1      | 0 ||| qw: Lair rune preference: random
     0 | D:1      | 0 ||| qw: Goals: Normal
     0 | D:1      | 0 ||| PLANNING D:1-11
    35 | D:1      | Reached skill level 3 in Dodging
    85 | D:1      | Reached XP level 2. HP: 14/14 MP: 3/3
   445 | D:1      | 445 ||| READING 2 scrolls labelled GIMUSCH HUGODD.
   448 | D:1      | 448 ||| READING scroll labelled XUH ELULAPT.
   449 | D:1      | 449 ||| READING scroll labelled XIEKHL YSUSHRE.
   450 | D:1      | 450 ||| DROPPING scroll of butterflies.
   452 | D:1      | 452 ||| Stepping ~*~*~tactically~*~*~ (cloud).
   595 | D:2      | Reached XP level 3. HP: 18/18 MP: 4/4
   778 | D:2      | Found Irynumu's Distillery.
   785 | D:2      | 785 ||| SHOPLISTING potion of cancellation (96 gold, have
                  | 93).
   785 | D:2      | 785 ||| BUYING potion of curing (36 gold).
   785 | D:2      | Bought a potion of curing for 36 gold pieces
   785 | D:2      | 785 ||| BUYING potion of curing (36 gold).
   785 | D:2      | Bought a potion of curing for 36 gold pieces
   785 | D:2      | 785 ||| SHOPLISTING potion of curing (36 gold, have 21).
   785 | D:2      | 785 ||| SHOPLISTING potion of enlightenment (60 gold, have
                  | 21).
   785 | D:2      | 785 ||| SHOPLISTING potion of haste (120 gold, have 21).
   785 | D:2      | 785 ||| SHOPLISTING potion of mutation (96 gold, have 21).
  1018 | D:2      | 1018 ||| UPGRADING to +0 cloak.
  1023 | D:2      | 1023 ||| DROPPING ring of wizardry.
  1024 | D:2      | 1024 ||| READING scroll labelled KYEZXU OQIA.
  1025 | D:2      | 1025 ||| READING 2 scrolls labelled SOLUNEKHLUSM.
  1026 | D:2      | 1026 ||| READING scroll labelled KATUIL TONLIBE.
  1027 | D:2      | 1027 ||| DROPPING scroll of noise.
  1187 | D:3      | Reached skill level 5 in Ranged Weapons
  1355 | D:3      | Reached XP level 4. HP: 22/22 MP: 5/5
  1483 | D:3      | 1483 ||| READING scroll labelled FIAL ZARAA.
  1584 | D:3      | 1584 ||| READING scroll labelled KOULIJIOFY.
  1584 | D:3      | 1584 ||| IDENTIFYING orange potion
  1585 | D:3      | 1585 ||| READING scroll labelled QEIDICH LICATH.
  1586 | D:3      | 1586 ||| DRINKING 2 golden potions.
  1587 | D:3      | 1587 ||| DROPPING potion of invisibility.
  1614 | D:4      | Found Bizog's Jewellery Shop.
  1625 | D:4      | 1625 ||| SHOPLISTING +5 ring of evasion (360 gold, have
                  | 131).
  1625 | D:4      | 1625 ||| SHOPLISTING amulet of faith (400 gold, have 131).
  1625 | D:4      | 1625 ||| SHOPLISTING amulet of reflection (300 gold, have
                  | 131).
  1625 | D:4      | 1625 ||| SHOPLISTING ring "Qytseus" {rPois Will- MP+9 Str-5
                  | SInv} (354 gold, have 131).
  1625 | D:4      | 1625 ||| SHOPLISTING ring of fire (250 gold, have 131).
  1625 | D:4      | 1625 ||| SHOPLISTING ring of poison resistance (200 gold,
                  | have 131).
  1666 | D:4      | Noticed a phantom
  1667 | D:4      | 1667 ||| RETREEEEATING.
  1676 | D:4      | 1676 ||| RETREEEEATING.
  1677 | D:4      | 1677 ||| FLEEEEING.
  1678 | D:4      | 1678 ||| FLEEEEING.
  1679 | D:4      | 1679 ||| FLEEEEING.
  1680 | D:4      | 1680 ||| FLEEEEING.
  1681 | D:4      | 1681 ||| FLEEEEING.
  1684 | D:4      | 1684 ||| FLEEEEING.
  1685 | D:4      | 1685 ||| FLEEEEING.
  1686 | D:4      | 1686 ||| FLEEEEING.
  1687 | D:4      | 1687 ||| FLEEEEING.
  1688 | D:4      | 1688 ||| FLEEEEING.
  1689 | D:4      | 1689 ||| FLEEEEING.
  1690 | D:4      | 1690 ||| FLEEEEING.
  1691 | D:4      | 1691 ||| FLEEEEING.
  1693 | D:4      | 1693 ||| FLEEEEING.
  1694 | D:4      | 1694 ||| FLEEEEING.
  1695 | D:4      | 1695 ||| FLEEEEING.
  1698 | D:4      | 1698 ||| FLEEEEING.
  1699 | D:4      | 1699 ||| FLEEEEING.
  1700 | D:4      | 1700 ||| FLEEEEING.
  1701 | D:4      | 1701 ||| FLEEEEING.
  1702 | D:4      | 1702 ||| FLEEEEING.
  1704 | D:4      | 1704 ||| FLEEEEING.
  1705 | D:4      | 1705 ||| STAIRDANCE
  1764 | D:4      | HP: 3/23 [phantom (4)]
  1765 | D:4      | 1765 ||| READING 3 scrolls of teleportation.
  1767 | D:4      | Killed a phantom
  1768 | D:4      | Reached XP level 5. HP: 4/26 MP: 6/6
  1769 | D:4      | 1769 ||| READING 2 scrolls of teleportation.
  1774 | D:4      | 1774 ||| READING scroll of teleportation.
  1776 | D:4      | HP: 4/26 [hobgoblin (2)]
  1796 | D:4      | Reached skill level 6 in Ranged Weapons
  1832 | D:4      | HP: 3/26 [iguana (5)]
  1839 | D:4      | Reached XP level 6. HP: 5/30 MP: 7/7
  1939 | D:4      | Found a shadowy altar of Dithmenos.
  2017 | D:4      | Reached skill level 6 in Dodging
  2477 | D:4      | 2477 ||| DRINKING 2 murky amethyst potions.
  2506 | D:5      | Entered Level 5 of the Dungeon
  2632 | D:5      | Found Pangil's Jewellery Emporium.
  2633 | D:5      | 2633 ||| SWAPPING to +0 orcbow.
  2639 | D:5      | Reached skill level 7 in Ranged Weapons
  2639 | D:5      | 2639 ||| DROPPING +0 shortbow.
  2647 | D:5      | 2647 ||| SHOPLISTING +4 ring of protection (468 gold, have
                  | 201).
  2647 | D:5      | 2647 ||| SHOPLISTING +5 ring of evasion (468 gold, have
                  | 201).
  2647 | D:5      | 2647 ||| SHOPLISTING +6 ring of dexterity (468 gold, have
                  | 201).
  2647 | D:5      | 2647 ||| SHOPLISTING amulet of the acrobat (390 gold, have
                  | 201).
  2647 | D:5      | 2647 ||| SHOPLISTING ring of poison resistance (260 gold,
                  | have 201).
  2647 | D:5      | 2647 ||| SHOPLISTING ring of positive energy (260 gold,
                  | have 201).
  2647 | D:5      | 2647 ||| SHOPLISTING ring of willpower (325 gold, have
                  | 201).
  2663 | D:5      | Reached XP level 7. HP: 35/35 MP: 8/8
  2953 | D:5      | HP: 8/35 [poisoned by a water moccasin]
  2954 | D:5      | 2954 ||| READING 2 scrolls of teleportation.
  2955 | D:5      | 2955 ||| DRINKING 2 potions of heal wounds.
  2957 | D:5      | HP: 2/35 [water moccasin (9)]
  2958 | D:5      | 2958 ||| DRINKING potion of heal wounds.
  3354 | D:5      | 3354 ||| DROPPING ring of flight.
  3355 | D:5      | 3355 ||| READING 4 scrolls of identify.
  3355 | D:5      | 3355 ||| IDENTIFYING bubbling green potion
  3356 | D:5      | 3356 ||| READING 3 scrolls of identify.
  3356 | D:5      | 3356 ||| IDENTIFYING ruby potion
  3357 | D:5      | 3357 ||| READING 2 scrolls of identify.
  3357 | D:5      | 3357 ||| IDENTIFYING 2 metallic purple potions
  3358 | D:5      | 3358 ||| DROPPING potion of magic.
  3359 | D:5      | 3359 ||| DROPPING 2 potions of degeneration.
  3595 | D:6      | Noticed Blork the orc
  3599 | D:6      | 3599 ||| FLEEEEING.
  3600 | D:6      | 3600 ||| FLEEEEING.
  3601 | D:6      | 3601 ||| FLEEEEING.
  3602 | D:6      | 3602 ||| FLEEEEING.
  3609 | D:6      | Killed Blork the orc
  3610 | D:6      | Reached skill level 8 in Ranged Weapons
  3773 | D:6      | Reached XP level 8. HP: 39/39 MP: 9/9
  4018 | D:6      | Reached skill level 3 in Fighting
  4040 | D:6      | Found a runed translucent door.
  4041 | D:6      | Noticed Crazy Yiuf
  4279 | D:6      | 4279 ||| FLEEEEING.
  4284 | D:6      | HP: 3/40 [centaur/arrow (8)]
  4285 | D:6      | 4285 ||| READING 2 scrolls of teleportation.
  4286 | D:6      | 4286 ||| DRINKING potion of heal wounds.
  4287 | D:6      | 4287 ||| FLEEEEING.
  4288 | D:6      | 4288 ||| RETREEEEATING.
  4289 | D:6      | 4289 ||| RETREEEEATING.
  4290 | D:6      | 4290 ||| FLEEEEING.
  4331 | D:7      | Reached skill level 9 in Ranged Weapons
  4495 | D:7      | Found a flagged portal.
  4506 | D:7      | HP: 9/40 [gnoll/+0 spear (9)]
  4507 | D:7      | 4507 ||| READING scroll of teleportation.
  4508 | D:7      | HP: 2/40 [gnoll/+0 spear (7)]
  4513 | D:7      | Annihilated by an ogre

Levels and vault maps discovered:
D:1:      amcnicky_arrival_feature_with_door, layout_rooms,
          amcnicky_mini_pool_small, minmay_misc_feat_cross
D:2:      layout_loops_ring, serial_shops, shop
D:3:      layout_rooms, minmay_unequal
D:4:      layout_rooms, nicolae_dithmenos_shadow_blocks, serial_shops,
          nicolae_shop_gaudy_bauble, nicolae_hexahallways
D:5:      layout_basic, serial_shops, shop
D:6:      minmay_clustersquares, layout_gridville, uniq_crazy_yiuf_cottage,
          uniq_blork_the_orc
D:7:      minmay_general_purpose_star, layout_gridville,
          makhleb_heckhound_becter, eat_drink_and_be_merry_uskayaw,
          minmay_temple_entry_fiery, serial_shops, shop, enter_bailey_7,
          grunt_decor_arrowhead, patterned_corridor

Skill      XL: |  1  2  3  4  5  6  7  8 |
---------------+-------------------------+-----
Dodging        | 3 4 5 6 8 |  8.6
Ranged Weapons | 5 6 7 8 9 |  9.2
Fighting       | 2 3 |  3.0
Stealth        | |  1.5

Action                     |  1- 3 |  4- 6 |  7- 9 || total
---------------------------+-------+-------+-------++-------
   Fire: Shortbow          |   113 |   131 |       ||   244
         Orcbow            |       |     8 |   127 ||   135
    Use: Scroll            |     6 |     6 |     6 ||    18
         Potion            |       |     2 |     3 ||     5
 Armour: Robe              |     7 |    24 |    45 ||    76
  Dodge: Dodged            |    25 |   117 |    99 ||   241

Table legend:
 A = Non-vault XP
 B = Vault XP
 C = Vault XP percentage of total XP
 D = Non-vault monster count
 E = Vault monster count
 F = Vault count percentage of total count
                 A         B        C        D         E       F
            +---------+---------+-------+---------+---------+-------
      Total |    2073 |     163 |   7.3 |      92 |       6 |   6.1
            +---------+---------+-------+---------+---------+-------
        D:1 |      35 |       0 |   0.0 |      19 |       0 |   0.0
        D:2 |      38 |       0 |   0.0 |      13 |       0 |   0.0
        D:3 |      22 |       6 |  21.4 |      14 |       2 |  12.5
        D:4 |     387 |       0 |   0.0 |      25 |       0 |   0.0
        D:5 |     424 |       0 |   0.0 |       6 |       0 |   0.0
        D:6 |     900 |     128 |  12.5 |      13 |       2 |  13.3
        D:7 |     267 |      29 |   9.8 |       2 |       2 |  50.0
            +---------+---------+-------+---------+---------+-------
